 Dungeon Crawl Stone Soup version 0.24.0-13-gcf9b3192b9 (webtiles) character file.

Game seed: 1284299807928004516, levelgen mode: deterministic

124118 tilp the Unseen (level 16, -1/85 HPs)
             Began as a Spriggan Enchanter on Nov 6, 2019.
             Was an Initiate of Gozag.
             Slain by a shambling mangrove (9 damage)
             ... on level 4 of the Swamp on Nov 7, 2019.
             The game lasted 02:28:44 (44364 turns).

tilp the Unseen (Spriggan Enchanter)               Turns: 44364, Time: 02:28:45

Health: -1/85      AC:  6    Str:  8    XL:     16   Next: 38%
Magic:  27/29      EV: 33    Int: 23    God:    Gozag
Gold:   4228       SH:  9    Dex: 19    Spells: 6/32 levels left

rFire    . . .     SeeInvis +   q - +9 quick blade
rCold    . . .     Gourm    .   f - +2 buckler
rNeg     . . .     Faith    .   J - +1 robe of Servitude {rElec rPois Dex+2 Slay+5}
rPois    +         Spirit   .   (helmet restricted)
rElec    +         Reflect  .   Q - +2 cloak
rCorr    .         Harm     .   (gloves unavailable)
MR       ++...                  (boots unavailable)
Stlth    +++++++++.             C - amulet of the acrobat
HPRegen  0.24/turn              B - +6 ring of strength
MPRegen  0.21/turn              H - ring of stealth

@: lethally poisoned (-1 -> -5), about to teleport, grasped by roots, gold aura,
very slightly contaminated, constricted, very quick
A: very small, unfitting armour, see invisible, herbivore, speed 3, screaming 1,
slow metabolism 2, weak 1
a: Potion Petition, Call Merchant, Bribe Branch, Renounce Religion


You were on level 4 of the Swamp.
You worshipped Gozag.
Gozag was most pleased with you.
You were very hungry.

You visited 5 branches of the dungeon, and saw 28 of its levels.
You also visited: Gauntlet.

You collected 9835 gold pieces.
You spent 2499 gold pieces at shops.
You paid 3108 gold pieces to Gozag.

Inventory:

Hand Weapons
 q - a +9 quick blade (weapon)
Missiles
 i - 16 curare-tipped darts
 j - 117 poisoned darts (quivered)
 o - 35 boomerangs
 M - 7 silver boomerangs
Armour
 b - the +2 robe of Supple Strength {rElec rC++ Stlth+}
   (You found it on level 3 of the Swamp)

   It greatly protects you from cold.
   It insulates you from electricity.
   It makes you more stealthy.
 f - a +2 buckler (worn)
 J - the +1 robe of Servitude (worn) {rElec rPois Dex+2 Slay+5}
   (You found it on level 11 of the Dungeon)

   It affects your dexterity (+2).
   It affects your accuracy and damage with ranged weapons and melee attacks
   (+5).
   It insulates you from electricity.
   It protects you from poison.
 Q - a +2 cloak (worn)
Jewellery
 B - a +6 ring of strength (left hand)
 C - an amulet of the acrobat (around neck)
 E - an uncursed ring of flight {unknown}
 F - the ring of Arrival {+Inv rElec rF+ MR- Dex+9}
   (You found it in a Gauntlet)

   [ring of protection from fire]

   It affects your dexterity (+9).
   It protects you from fire.
   It insulates you from electricity.
   It affects your resistance to hostile enchantments.
   It lets you turn invisible.
 H - a ring of stealth (right hand)
 N - an uncursed amulet of harm {unknown}
 V - an uncursed ring of ice
Wands
 g - a wand of digging (11)
 t - a wand of flame (61)
 v - a wand of acid (19)
 w - a wand of polymorph (13)
 y - a wand of disintegration (5)
 L - a wand of iceblast (11)
 O - a wand of paralysis (20)
 U - a wand of enslavement (6)
 W - a wand of scattershot (8)
 X - a wand of clouds (4)
Scrolls
 d - 7 scrolls of teleportation
 e - 9 scrolls of amnesia
 h - 5 scrolls of fog
 l - a scroll of magic mapping
 m - 10 scrolls of remove curse
 p - 2 scrolls of vulnerability
 s - 3 scrolls of fear
 x - 2 scrolls of summoning
 R - a scroll of silence {unknown}
Potions
 a - a potion of brilliance
 n - 6 potions of flight
 r - 4 potions of haste
 u - 2 potions of ambrosia
 z - 5 potions of curing
 A - 2 potions of heal wounds
 D - 2 potions of mutation
 G - 9 potions of might
 I - 2 potions of agility
 K - 2 potions of cancellation
 T - 5 potions of berserk rage
 Y - a potion of magic
 Z - a potion of invisibility
Miscellaneous
 P - a lamp of fire
 S - a phial of floods
Comestibles
 c - 16 rations


   Skills:
 - Level 10.0 Fighting
 - Level 12.9 Short Blades
 - Level 20.0 Dodging
 - Level 20.0 Stealth
 - Level 4.2 Shields
 + Level 8.9 Spellcasting
 + Level 11.3 Hexes
 - Level 5.0 Charms
 - Level 2.0 Air Magic
 + Level 8.7 Evocations


You had 6 spell levels left.
You knew the following spells:

 Your Spells              Type           Power        Failure   Level  Hunger
a - Corona                Hex            ######.      1%          1    None
b - Ensorcelled Hibernat  Hex/Ice        #####.       1%          2    None
c - Confuse               Hex            ######..     1%          3    None
d - Tukima's Dance        Hex            ######..     1%          3    None
e - Dazzling Spray        Conj/Hex       #####.       2%          3    None
f - Slow                  Hex            ######..     1%          2    None
g - Blink                 Tloc           N/A          12%         2    None
h - Conjure Flame         Conj/Fire      ##......     24%         3    None
i - Mephitic Cloud        Conj/Pois/Air  ##......     19%         3    None
j - Animate Skeleton      Necr           N/A          8%          1    None
k - Apportation           Tloc           ##....       8%          1    None
l - Shroud of Golubria    Chrm/Tloc      ###...       4%          2    None

Your spell library contained the following spells:

 Spells                   Type           Power        Failure   Level  Hunger
 Confusing Touch          Hex            ######       1%          1    None
 Infusion                 Chrm           ####         1%          1    None
 Song of Slaying          Chrm           ####....     1%          2    None
 Spectral Weapon          Hex/Chrm       #####...     1%          3    None
 Summon Guardian Golem    Hex/Summ       #####...     2%          3    None
 Magic Dart               Conj           ##..         8%          1    None
 Sting                    Conj/Pois      ##..         8%          1    None
 Summon Small Mammal      Summ           ##..         8%          1    None
 Poisonous Vapours        Pois/Air       ##....       8%          2    None
 Regeneration             Chrm/Necr      ###.......   9%          3    None
 Call Imp                 Summ           ##......     12%         2    None
 Corpse Rot               Necr           N/A          12%         2    None
 Sublimation of Blood     Necr           ##........   12%         2    None
 Call Canine Familiar     Summ           ##......     24%         3    None
 Summon Lightning Spire   Summ/Air       ##......     45%         4    ##.....
 Olgreb's Toxic Radiance  Pois           ##......     61%         4    ##.....
 Summon Ice Beast         Ice/Summ       ##......     61%         4    ##.....
 Excruciating Wounds      Chrm/Necr      ###.......   61%         5    ####...
 Agony                    Necr           ##......     91%         5    ####...
 Bolt of Draining         Conj/Necr      ##........   91%         5    ####...
 Dispel Undead            Necr           ##......     91%         5    ####...
 Venom Bolt               Conj/Pois      ##........   91%         5    ####...
 Freezing Cloud           Conj/Ice/Air   ##........   100%        6    ######.
 Ring of Flames           Chrm/Fire      ###.......   100%        7    #######


Dungeon Overview and Level Annotations

Branches:
Dungeon (15/15)            Temple (0/1) D:4            Lair (6/6) D:11
  Swamp (4/4) Lair:2        Snake (1/4) Lair:4          Orc (2/2) D:12
    Elf (0/3) Orc:2        Vaults (0/5) D:14         Depths (0/5) D:15
Gauntlet (visited)
  Slime: Lair:5-6

Altars:
Ashenzari
Dithmenos
Elyvilon
Gozag
Nemelex Xobeh
Okawaru
Wu Jian
Yredelemnul
The Shining One
Beogh
Jiyva

Shops:
D:5 !   D:12 (   D:13 (   Orc:2 }[*[:   Lair:6 !(   Swamp:1 *

Annotations:
D:14 2 transporters, Fooni's ghost, journeyman HOGl
D:15 3 runed translucent doors, Kefanin's ghost, adept GrEE; Roxanne
Lair:3 exclusion: oklob plant
Lair:5 1 runed translucent door, exclusion: 2 oklob plants, Vig Uhad's ghost, journeyman OpTm
Lair:6 1 runed translucent door


Innate Abilities, Weirdness & Mutations

You are very small and have problems with some larger weapons.
You are too small for most types of armour.
You have supernaturally acute eyesight. (SInv)
You are a herbivore.
You cover ground extremely quickly.
You need to consume almost no food.
You occasionally shout uncontrollably at your foes.
You are weak. (Str -2)


Message History

* * * LOW HITPOINT WARNING * * *
The grasping roots constrict you! The swamp drake completely misses you.
The swamp dragon breathes poison at you.
The blast of poison engulfs you.
You are poisoned.
You resist.
* * * LOW HITPOINT WARNING * * *
The five-headed hydra roars!
The swamp drake roars!
You hear a roar! x3
The roots' grasp on you weakens, but your attempt to escape fails.
You feel sick.
The swamp drake is no longer distracted by gold.
Trunks creak and shift.
You block the spriggan druid's attack. The swamp drake bites you!
* * * LOW HITPOINT WARNING * * *
The swamp dragon bites you!
* * * LOW HITPOINT WARNING * * *
The swamp dragon claws you but does no damage.
You block the swamp dragon's attack.
The alligator puts on a burst of speed!
You die...
Your body crumbles into a pile of gold.

♣♣.≈≈.♣♣≈...♣♣ ♣.≈≈≈.♣♣.≈≈..♣
♣..≈≈°.k.≈♣♣♣ ♣♣≈≈≈≈.♣♣..≈.♣
♣≈≈≈≈≈≈§♣♣♣ ♣≈§≈≈.≈≈≈§≈≈♣
♣≈.≈≈≈D≈§.♣ ♣♣.$≈≈..≈.≈≈#
♣♣♣.§≈≈≈≈≈♣♣♣♣♣♣[)≈≈≈≈≈.≈♣#
♣≈.≈≈≈≈≈.≈..≈♣☼○≈≈≈≈≈..♣#
♣♣♣.≈≈≈≈≈≈≈○○○f☼..$≈≈≈≈≈#
♣♣≈≈≈≈≈..≈≈≈D○....≈≈≈.≈♣♣#
♣♣.≈≈≈≈≈.≈§k@i○≈...Dk..≈≈°#
♣≈°°°≈≈≈≈≈≈≈≈≈≈≈≈.≈...≈$$.♣##
♣♣○y○≈≈≈≈≈≈≈≈≈t≈.♣♣♣♣≈....≈D#
♣♣.≈≈≈D≈≈≈§....≈♣ ♣♣..§≈≈.≈
♣.≈≈≈≈≈≈≈.≈♣.≈§.♣ ♣♣♣♣♣♣.≈
♣.≈≈≈...≈≈..≈≈≈≈≈♣ ..
♣..≈≈...♣♣♣.≈≈≈≈.♣ ≈≈
♣♣≈..♣≈♣♣ ♣≈.≈≈≈♣♣ ♣≈
♣♣♣♣♣.≈♣ ♣≈♣..♣♣ .


You could see a shambling mangrove, an alligator, a six-headed hydra, a
five-headed hydra, a swamp dragon, a spriggan druid (confused) and a swamp
drake.

Vanquished Creatures
  Kirke (D:12)
  An orc warlord (D:12)
  Aizul (Snake:1)
  Nessos (Lair:6)
  A minotaur (Gauntlet)
  A fire dragon (Lair:6)
  A yaktaur captain (D:15)
  Josephine (Lair:5)
  Erolcha (Orc:2)
  2 vault guards (D:14)
  9 hydras
  A catoblepas (Lair:6)
  4 centaur warriors
  A death knight (D:12)
  An anaconda (Snake:1)
  6 two-headed ogres
  8 alligators
  3 death yaks
  Urug (D:13)
  5 orc high priests (Orc:2)
  A shock serpent (Snake:1)
  Nergalle (Lair:2)
  3 unseen horrors
  A death drake (Gauntlet)
  4 swamp dragons
  2 spriggan druids (Swamp:2)
  2 wizards (D:14)
  2 phantasmal warriors
  2 lindwurms
  A mana viper (Snake:1)
  3 necromancers (D:14)
  5 ugly things
  4 cyclopes
  An orb spider (shapeshifter) (D:14)
  An orc sorcerer (Orc:1)
  2 deep elf magi
  6 orc knights
  2 manticores
  Maurice (D:9)
  Joseph (D:7)
  4 black mambas
  Psyche (D:9)
  6 torpor snails (Lair:6)
  12 spiny frogs
  3 gargoyles
  7 rime drakes
  A yaktaur (D:15)
  10 komodo dragons
  3 freezing wraiths
  8 trolls
  8 tyrant leeches
  2 queen bees
  A polar bear (Lair:4)
  15 hornets
  6 bog bodies
  Prince Ribbit (D:5)
  10 hippogriffs
  10 dream sheep
  3 blink frogs (Lair:4)
  9 slime creatures
  A shadow (Swamp:2)
  57 yaks
  6 wyverns
  10 wraiths
  5 basilisks
  3 hogs (D:12)
  17 humans (D:14)
  4 spriggans
  A water elemental (D:12)
  21 vampire mosquitoes
  A steam dragon (Lair:6)
  5 hungry ghosts
  A naga (Snake:1)
  13 swamp worms
  6 acid dragons
  A soldier ant (D:12)
  Duvessa (D:4)
  14 porcupines
  3 swamp drakes
  6 water moccasins
  A hornet zombie (D:15)
  3 black bears
  2 ice beasts
  45 orc warriors
  6 sky beasts
  12 necrophages
  19 ogres
  7 boggarts
  A phantom (D:13)
  An eye of draining (D:14)
  4 wolves
  2 centaurs
  8 crocodiles
  A big kobold (D:13)
  24 bullfrogs
  A water moccasin zombie (D:10)
  Dowan (D:4)
  A wyvern skeleton (D:14)
  8 scorpions
  34 killer bees
  2 troll zombies (D:9)
  14 wights
  2 howler monkeys
  An electric eel (D:12)
  7 crimson imps
  2 centaur zombies
  4 bullfrog zombies
  A quasit (D:8)
  9 jellies
  38 orc priests
  5 hounds
  A human zombie (D:9)
  20 orc wizards
  5 centaur skeletons
  3 bullfrog skeletons
  11 worker ants
  Ijyb (D:5)
  2 iguanas
  A hound skeleton (D:6)
  A hound zombie (D:10)
  3 mummies
  2 worker ant zombies (D:10)
  A howler monkey zombie (D:5)
  13 adders
  4 gnolls (Orc:2)
  A howler monkey skeleton (D:9)
  4 shadow imps
  2 oozes
  An adder skeleton (D:5)
  2 worms
  4 dart slugs
  3 leopard geckos
  107 orcs
  2 ball pythons
  4 giant cockroaches
  8 goblins
  3 hobgoblins
  14 jackals
  12 kobolds
  5 quokkas
  7 bats
  6 frilled lizards
  An orc zombie (D:9)
  A quokka zombie (D:10)
  8 rats
920 creatures vanquished.

Vanquished Creatures (collateral kills)
  A death knight (D:14)
  A skeletal warrior (D:14)
  A spriggan (Swamp:2)
  6 orc warriors
  An ogre (D:12)
  A big kobold (D:13)
  An orc wizard (D:9)
  4 orcs
  A kobold (D:13)
17 creatures vanquished.

Vanquished Creatures (others)
  A spriggan druid (Swamp:4)
  10 dancing weapons
  An orc wizard (D:13)
  An orc (D:12)
  8 fungi
  20 plants
  6 withered plants
47 creatures vanquished.

Grand Total: 984 creatures vanquished

Notes
Turn   | Place    | Note
-------+----------+-------------------------------------------
     0 | D:1      | tilp the Spriggan Enchanter began the quest for the Orb.
     0 | D:1      | Reached XP level 1. HP: 9/9 MP: 5/5
   357 | D:1      | Reached XP level 2. HP: 6/13 MP: 6/6
   361 | D:1      | Learned a level 2 spell: Ensorcelled Hibernation
   528 | D:1      | Reached skill level 5 in Stealth
  1431 | D:1      | Reached XP level 3. HP: 16/16 MP: 8/8
  1436 | D:1      | Learned a level 3 spell: Confuse
  1733 | D:2      | Found an opulent altar of Gozag.
  2507 | D:2      | Reached XP level 4. HP: 21/21 MP: 9/9
  2986 | D:2      | Became a worshipper of Gozag Ym Sagoz the Greedy
  4227 | D:4      | Noticed Duvessa
  4453 | D:4      | Found a white marble altar of Elyvilon.
  4479 | D:4      | Reached XP level 5. HP: 24/24 MP: 6/10
  4486 | D:4      | Found a staircase to the Ecumenical Temple.
  4745 | D:4      | Reached XP level 6. HP: 28/28 MP: 11/11
  5146 | D:4      | Reached skill level 5 in Short Blades
  5578 | D:5      | Entered Level 5 of the Dungeon
  5593 | D:5      | Noticed Prince Ribbit
  5615 | D:5      | Killed Prince Ribbit
  5615 | D:5      | Reached skill level 1 in Shields
  5615 | D:5      | Reached XP level 7. HP: 32/32 MP: 11/13
  5836 | D:5      | Found a shattered altar of Ashenzari.
  5839 | D:5      | Reached skill level 5 in Hexes
  6071 | D:5      | Found Tiyqum's Distillery.
  6071 | D:5      | Noticed Ijyb
  6072 | D:5      | Killed Ijyb
  6084 | D:5      | Bought a potion of curing for 45 gold pieces
  6084 | D:5      | Bought a potion of degeneration for 15 gold pieces
  6997 | D:6      | Reached XP level 8. HP: 36/36 MP: 8/15
  7071 | D:6      | Learned a level 3 spell: Tukima's Dance
  7075 | D:6      | Learned a level 3 spell: Dazzling Spray
  7252 | D:6      | Found a glowing golden altar of the Shining One.
  7396 | D:6      | Found a shadowy altar of Dithmenos.
  7975 | D:7      | Noticed Joseph
  8589 | D:7      | Reached skill level 1 in Fighting
  8886 | D:8      | Found an ornate altar of the Wu Jian Council.
  8934 | D:8      | Reached skill level 1 in Evocations
  9179 | D:8      | Reached XP level 9. HP: 37/42 MP: 7/16
  9192 | D:8      | Reached skill level 10 in Stealth
  9192 | D:8      | Reached XP level 10. HP: 45/49 MP: 1/21
 10006 | D:9      | Noticed Maurice
 10074 | D:9      | Noticed Psyche
 10074 | D:9      | Noticed a two-headed ogre
 10238 | D:9      | Killed Psyche
 10500 | D:9      | Killed a two-headed ogre
 11178 | D:9      | Found a basalt altar of Yredelemnul.
 11187 | D:9      | Reached XP level 11. HP: 53/53 MP: 22/22
 11241 | D:9      | Reached skill level 10 in Short Blades
 12248 | D:10     | Entered Level 10 of the Dungeon
 12248 | D:10     | Noticed an unseen horror
 12250 | D:10     | Killed an unseen horror
 12365 | D:9      | Killed Maurice
 12812 | D:10     | Noticed a two-headed ogre
 12888 | D:10     | Killed a two-headed ogre
 13033 | D:10     | Found an iron altar of Okawaru.
 13814 | D:11     | Reached skill level 10 in Hexes
 13953 | D:11     | Noticed a two-headed ogre
 13961 | D:11     | Killed a two-headed ogre
 13961 | D:11     | Reached XP level 12. HP: 56/56 MP: 15/23
 14190 | D:11     | Got a faintly humming robe
 14218 | D:11     | Found a staircase to the Lair.
 14312 | D:11     | Reached skill level 5 in Fighting
 14561 | D:11     | Identified the cursed +1 robe of Servitude {rElec rPois
                  | Dex+2 Slay+5} (You found it on level 11 of the Dungeon)
 14616 | D:12     | Reached skill level 10 in Dodging
 14627 | D:12     | Noticed a two-headed ogre
 14710 | D:12     | Killed a two-headed ogre
 15705 | D:12     | Learned a level 2 spell: Slow
 15708 | D:12     | Learned a level 2 spell: Blink
 15712 | D:12     | Learned a level 3 spell: Conjure Flame
 15716 | D:12     | Learned a level 3 spell: Mephitic Cloud
 15907 | D:12     | Found a staircase to the Orcish Mines.
 16191 | D:12     | Noticed Kirke
 16214 | D:12     | Killed Kirke
 16408 | D:12     | Noticed a death knight
 16434 | D:12     | Killed a death knight
 16434 | D:12     | Reached skill level 15 in Stealth
 16770 | D:12     | Found Jaqiokuka's Weapon Boutique.
 17211 | Orc:1    | Entered Level 1 of the Orcish Mines
 17211 | Orc:1    | Noticed an orc warlord
 17305 | D:12     | Killed an orc warlord
 17305 | D:12     | Reached skill level 1 in Air Magic
 17305 | D:12     | Reached XP level 13. HP: 37/63 MP: 13/24
 18490 | Orc:2    | Entered Level 2 of the Orcish Mines
 19989 | Orc:2    | Found a staircase to the Elven Halls.
 20054 | Orc:2    | Noticed Erolcha
 20066 | Orc:2    | Killed Erolcha
 21119 | Orc:2    | Found a roughly hewn altar of Beogh.
 21366 | Orc:2    | Gained mutation: You occasionally shout uncontrollably at
                  | your foes. [a neqoxec]
 21373 | Orc:2    | Gained mutation: You are weak. (Str -2) [a neqoxec]
 21386 | Orc:2    | Found Tedar's General Store.
 21389 | Orc:2    | Found Tidwyweg's Book Emporium.
 21701 | Orc:2    | Reached skill level 15 in Dodging
 23238 | Orc:2    | Found Varonn's Armour Emporium.
 23239 | Orc:2    | Found Fyon's Antique Armour Shoppe.
 23246 | Orc:2    | Bought a ration for 75 gold pieces
 23247 | Orc:2    | Bought a book of Cantrips for 340 gold pieces
 23249 | Orc:2    | Bought a heavily jewelled robe for 159 gold pieces
 23256 | Orc:2    | Bought a wand of paralysis (12) for 210 gold pieces
 23256 | Orc:2    | Bought a wand of paralysis (8) for 150 gold pieces
 23256 | Orc:2    | Bought a lamp of fire for 600 gold pieces
 23594 | D:4      | Noticed Dowan
 23597 | D:4      | Killed Duvessa
 23601 | D:4      | Killed Dowan
 23737 | D:7      | Killed Joseph
 23832 | Lair:1   | Entered Level 1 of the Lair of Beasts
 25257 | Lair:2   | Identified the +2 robe of the Unbroken {Int+5} (You bought
                  | it in a shop on level 2 of the Orcish Mines)
 25375 | Lair:2   | Noticed Nergalle
 25386 | Lair:2   | Killed Nergalle
 25449 | Lair:2   | Found a staircase to the Swamp.
 25882 | Lair:3   | Found a gate leading to a gauntlet.
 25891 | Gauntlet | Entered a Gauntlet
 25891 | Gauntlet | Found a transporter.
 25891 | Gauntlet | Found a transporter.
 25891 | Gauntlet | Found a transporter.
 25911 | Gauntlet | Found a transporter.
 25927 | Gauntlet | Found a transporter.
 25952 | Gauntlet | Found a transporter.
 25958 | Gauntlet | Found a transporter.
 25979 | Gauntlet | Found a transporter.
 26000 | Gauntlet | Found a transporter.
 26017 | Gauntlet | Found a transporter.
 26022 | Gauntlet | Found a transporter.
 26044 | Gauntlet | Found a transporter.
 26221 | Gauntlet | Reached XP level 14. HP: 35/69 MP: 14/25
 26232 | Gauntlet | Got a smoking steel ring
 26418 | Gauntlet | Identified the ring of Arrival {+Inv rElec rF+ MR- Dex+9}
                  | (You found it in a Gauntlet)
 28242 | Lair:4   | Found a staircase to the Snake Pit.
 29635 | Lair:5   | Noticed Josephine
 29641 | Lair:5   | Found a runed translucent door.
 29642 | Lair:5   | Noticed Vig Uhad's ghost (journeyman OpTm)
 29643 | Lair:5   | Killed Josephine
 30342 | Lair:6   | Entered Level 6 of the Lair of Beasts
 30342 | Lair:6   | Noticed Nessos
 30349 | Lair:6   | Killed Nessos
 32835 | Lair:6   | Found a runed translucent door.
 33358 | Lair:6   | Reached XP level 15. HP: 76/76 MP: 24/26
 34300 | Lair:6   | Bought 2 potions of mutation for 240 gold pieces
 34300 | Lair:6   | Bought a potion of berserk rage for 75 gold pieces
 34310 | Lair:6   | Bought a transparent short sword for 240 gold pieces
 34310 | Lair:6   | Bought a glowing rapier for 210 gold pieces
 34458 | D:13     | Learned a level 1 spell: Animate Skeleton
 34460 | D:13     | Learned a level 1 spell: Apportation
 34596 | D:13     | Found a roughly hewn altar of Beogh.
 35386 | D:13     | Found Joyptaap's Antique Weapon Shop.
 35607 | D:13     | Learned a level 2 spell: Shroud of Golubria
 35624 | D:13     | Noticed Urug
 35636 | D:13     | Killed Urug
 36060 | D:14     | Found a transporter.
 36060 | D:14     | Noticed Fooni's ghost (journeyman HOGl)
 36077 | D:14     | Identified the +6 great mace of Peace {freeze, *Slow Str+6
                  | SInv}
 36077 | D:14     | Noticed a frost giant
 36089 | D:14     | Found a transporter.
 36868 | D:14     | Found a sparkling altar of Nemelex Xobeh.
 37144 | D:14     | Reached skill level 10 in Fighting
 37818 | D:14     | Found a gate to the Vaults.
 38023 | D:15     | Entered Level 15 of the Dungeon
 38107 | D:15     | Found a staircase to the Depths.
 38367 | D:15     | Identified Roxanne's Disquisition on Shape Shifting
 38367 | D:15     | Noticed Roxanne
 38422 | D:15     | Found a runed translucent gate.
 38422 | D:15     | Found a runed translucent gate.
 38422 | D:15     | Noticed Kefanin's ghost (adept GrEE)
 38721 | D:15     | Found a white marble altar of Elyvilon.
 39196 | D:15     | Found a viscous altar of Jiyva.
 39602 | D:15     | Found a runed translucent gate.
 39872 | Snake:1  | Entered Level 1 of the Snake Pit
 39878 | Snake:1  | Noticed Aizul
 39881 | Snake:1  | Killed Aizul
 39881 | Snake:1  | Reached skill level 1 in Charms
 39891 | Snake:1  | Identified the cursed +1 short sword "Duumpysm" {pierce,
                  | *Slow rElec Int-3 Stlth+} (You bought it in a shop on level
                  | 6 of the Lair of Beasts)
 39893 | Snake:1  | Found an ornate altar of the Wu Jian Council.
 40312 | Swamp:1  | Entered Level 1 of the Swamp
 41008 | Swamp:1  | Reached XP level 16. HP: 82/82 MP: 24/28
 41378 | Swamp:1  | Bought a scroll of identify for 70 gold pieces
 41378 | Swamp:1  | Bought a scroll of identify for 70 gold pieces
 41381 | Swamp:1  | Identified a scroll of acquirement
 42073 | Swamp:2  | You fall into a shaft and drop 1 floor!
 42720 | Swamp:3  | Reached skill level 5 in Charms
 42744 | Swamp:3  | Got a tattered robe
 43176 | Swamp:4  | Entered Level 4 of the Swamp
 43556 | Swamp:4  | Identified the +2 robe of Supple Strength {rElec rC++
                  | Stlth+} (You found it on level 3 of the Swamp)
 44364 | Swamp:4  | Slain by a shambling mangrove

Levels and vault maps discovered:
D:1:      sevenhm_arrival_forest_fort_large_2, layout_basic
D:2:      layout_loops_ring, nicolae_gozag_cash_rules_everything_around_me
D:3:      layout_basic, first_ration, st_stairs_3
D:4:      layout_basic, kennysheep_mini_moat, minmay_temple_entry_waves,
          chequers_jeans, uniq_duvessa
D:5:      layout_basic, cheibrodos_ashenzari_chains, serial_shops, shop,
          minmay_checkerbox, uniq_prince_ribbit1, uniq_ijyb
D:6:      layout_loops_ring, lemuel_crystal_altar, basic_altar
D:7:      layout_cave_pods, chequers_serial_rivers_room_b, uniq_joseph
D:8:      layout_loops_ring, nicolae_overflow_crystal_walls
D:9:      layout_rooms, david_nohive_1, lemuel_mausoleum_altar_yredelemnul,
          uniq_maurice, uniq_psyche
D:10:     layout_cave_pools, serial_undead, serial_undead_c, serial_undead_c,
          serial_undead_c, serial_undead_e, serial_undead_e, serial_undead_d,
          serial_undead_a, serial_undead_c, serial_undead_e, serial_undead_c,
          okawaru_ov_weapons_minmay
D:11:     layout_long_grid, due_lair_maze_entry_diamond, enter_bailey_2
D:12:     layout_loops_ring, erik_orc_2, serial_shops, nicolae_shop_crystal,
          bh_walls_and_bars, uniq_kirke
D:13:     layout_roguey [special_room_orc], serial_shops, shop_fountains,
          uniq_urug
D:14:     layout_basic, grunt_vaults_entry_tiered, gammafunk_ghost_smash,
          serial_park_tiny_pond, grunt_ministairs_15,
          nemelex_diamond_rough_becter
D:15:     grunt_enter_depths_snipers, layout_cross, elyvilon_altar_3,
          ebering_ghost_rock_garden, jiyva_altar_1, uniq_roxanne
Lair:1:   layout_small_grid, special_room [special_room_bee], lemuel_fruit_tree
Lair:2:   layout_roguey, skrybe_swamp_entry_bodies, grunt_megastairs_5,
          uniq_nergalle
Lair:3:   layout_long_grid, gauntlet_entry_generic, lemuel_old_faithful,
          minmay_lair_oklob_chamber, serial_bayou_shore_a, serial_bayou_shore_b
Lair:4:   layout_concentric_octagons, dummy_snake_entry
Lair:5:   layout_layer_cave, minmay_slime_entry_oklob_enclosed,
          gammafunk_ghost_grave, grunt_megastairs_2, uniq_josephine
Lair:6:   guppyfry_lair_end_dragon, layout_regular_city, wormcave,
          grunt_megastairs_3, uniq_nessos
Swamp:1:  layout_falls_marsh, hangedman_swamp_cone
Swamp:2:  layout_basic_swamp, nicolae_swamp_fairy_circle
Swamp:3:  layout_basic_swamp, nicolae_swamp_trees_clearing,
          infiniplex_staircase_pool
Swamp:4:  swamp, layout_basic_swamp
Snake:1:  layout_misc_corridors, basic_altar, minmay_shoptagon, uniq_aizul
Orc:1:    layout_diamond_mine
Orc:2:    st_orc_pillars, layout_diamond_mine, minmay_orc_temple_a, uniq_erolcha

Skill      XL: |  1  2  3  4  5  6  7  8  9 10 11 12 13 14 15 16 |
---------------+-------------------------------------------------+-----
Stealth        | 5 6 7 8 10 12 15 16 18 20 | 20.0
Short Blades   | 2 3 4 5 7 9 12 | 12.9
Shields        | 1 3 4 |  4.2
Spellcasting   | 3 4 6 7 8 |  8.9
Hexes          | 4 6 8 9 10 11 | 11.3
Fighting       | 1 4 6 7 9 10 | 10.0
Dodging        | 4 7 8 12 16 17 20 | 20.0
Evocations     | 2 6 8 |  8.7
Air Magic      | 1 2 |  2.0
Charms         | 3 5 |  5.0

Action                   |  1- 3 |  4- 6 |  7- 9 | 10-12 | 13-15 | 16-18 || total
-------------------------+-------+-------+-------+-------+-------+-------++-------
Melee: Dagger            |   101 |    87 |   139 |   518 |   853 |    13 ||  1711
       Rapier            |       |       |       |       |    10 |       ||    10
       Quick blade       |       |       |       |       |       |   109 ||   109
Throw: Dart              |       |       |       |     2 |     6 |       ||     8
 Cast: Corona            |     2 |       |     1 |       |       |       ||     3
       Ensorcelled Hiber |    36 |    30 |    83 |   248 |   601 |    71 ||  1069
       Confuse           |       |     1 |    11 |    95 |   162 |    23 ||   292
       Tukima's Dance    |       |       |     1 |    14 |    50 |     5 ||    70
       Dazzling Spray    |       |       |       |     2 |    20 |     2 ||    24
       Mephitic Cloud    |       |       |       |     2 |     1 |       ||     3
       Conjure Flame     |       |       |       |     1 |       |       ||     1
       Blink             |       |       |       |       |     2 |       ||     2
       Shroud of Golubri |       |       |       |       |       |     1 ||     1
Invok: Call Merchant     |       |       |       |       |     3 |     1 ||     4
Evoke: Wand              |       |       |     4 |    10 |    20 |     3 ||    37
       Lamp of fire      |       |       |       |       |     3 |       ||     3
       Phial of floods   |       |       |       |       |     1 |       ||     1
  Use: Scroll            |     1 |     7 |     5 |    11 |    17 |    14 ||    55
       Potion            |       |       |     1 |       |     1 |     2 ||     4
 Stab: Sleeping          |    28 |    25 |    59 |   159 |   341 |    32 ||   644
       Confused          |       |     1 |     4 |    61 |    77 |    13 ||   156
       Distracted        |       |       |       |     4 |    12 |     3 ||    19
       Invisible         |       |       |       |       |     3 |       ||     3
  Eat: Ration            |     1 |     3 |     3 |     4 |    13 |     1 ||    25
Armor: Robe              |     3 |     2 |    10 |     8 |    22 |    11 ||    56
Dodge: Dodged            |    42 |    51 |    57 |   215 |   620 |   224 ||  1209
Block: Buckler           |    19 |     9 |    16 |    94 |   240 |    83 ||   461
